 Dungeon Crawl Stone Soup version 0.28.0-47-ge53b351184 (webtiles) character file.

Game seed: 6554358422895722478

293 GigaChad the Skirmisher (level 6, 0/51 HPs)
             Began as a Minotaur Chaos Knight on May 4, 2022.
             Was a Plaything of Xom.
             Slain by a gnoll
             ... wielding a +2 halberd of freezing
              (3 damage)
             ... on level 4 of the Dungeon.
             The game lasted 00:06:27 (2907 turns).

GigaChad the Skirmisher (Minotaur Chaos Knight)     Turns: 2907, Time: 00:06:27

Health: 0/51       AC: 11    Str: 16    XL:     6   Next: 11%
Magic:  5/5        EV:  7    Int:  9    God:    Xom [.*....]
Gold:   144        SH:  0    Dex: 12    Spells: 5/5 levels left

rFire   . . .      SeeInvis .   d - +2 demon blade (freeze)
rCold   . . .      Faith    .   (no shield)
rNeg    . . .      Spirit   .   n - +0 chain mail
rPois   .          Reflect  .   (helmet restricted)
rElec   .          Harm     .   (no cloak)
rCorr   .          Rampage  .   (no gloves)
Will    .....                   f - +1 pair of boots
Stlth   ..........              (no amulet)
HPRegen 0.17/turn               (no ring)
MPRegen 0.09/turn               (no ring)

@: unable to read
A: horns 2, retaliatory headbutt, frail 1, inability to read while threatened
a: Renounce Religion


You were on level 4 of the Dungeon.
You worshipped Xom.
You were a plaything of Xom.
You visited 1 branch of the dungeon, and saw 4 of its levels.

You collected 144 gold pieces.

Inventory:

Hand Weapons
 a - a +0 falchion of chaos
 d - a +2 demon blade of freezing (weapon)
 m - a +2 whip of freezing
Missiles
 h - 3 throwing nets (quivered)
 l - 2 poisoned darts
Armour
 b - a +2 leather armour
 e - a +2 helmet
 f - a +1 pair of boots (worn)
 i - a +0 scale mail
 n - a +0 chain mail (worn)
Scrolls
 g - a scroll of fear
Potions
 c - a potion of lignification {unknown}
 j - a potion of heal wounds {unknown}
 k - a potion of curing {unknown}
 o - 2 potions of haste {unknown}


   Skills:
 + Level 5.7 Fighting
 + Level 5.5 Long Blades
 + Level 4.4 Armour
 + Level 1.8 Dodging
 + Level 0.1 Stealth


You had 5 spell levels left.
You didn't know any spells.
Your spell library contained the following spells:

 Spells                   Type           Power      Damage    Failure   Level
 Inner Flame              Hex/Fire       0%         N/A       100%        3
 Cause Fear               Hex            0%         N/A       100%        4
 Discord                  Hex            0%         N/A       100%        8


Dungeon Overview and Level Annotations

Branches:
Dungeon (4/15)
 Temple: D:4-7

Altars:
Vehumet


Innate Abilities, Weirdness & Mutations

You have a pair of horns on your head.
You reflexively headbutt those who attack you in melee.
You are frail. (-10% HP)
You sometimes lose the ability to read scrolls when taking damage.


Message History

The gnoll hits you but does no damage.
A gnoll comes into view.
It is wielding a +2 halberd of freezing.
You shred the net and break free!
The gnoll hits you from afar with a +0 halberd.
The gnoll hits you from afar with a +0 halberd!
You see here 20 stones.
The gnoll closely misses you.
You barely miss the gnoll. Your punch misses the gnoll.
The gnoll is severely wounded.
The gnoll barely misses you.
You slash the gnoll! You freeze the gnoll.
You kill the gnoll!
The gnoll hits you from afar with a +2 halberd of freezing.
The gnoll freezes you.
You closely miss the gnoll shaman. You headbutt the gnoll shaman.
The gnoll shaman is almost dead.
The gnoll closely misses you.
The gnoll shaman calls upon its god to speed up the gnoll.
The gnoll seems to speed up.
You barely miss the gnoll shaman.
The gnoll shaman is almost dead.
The gnoll hits you from afar with a +2 halberd of freezing.
The gnoll freezes you.
The gnoll shaman hits you but does no damage.
You barely miss the gnoll shaman. You headbutt the gnoll shaman.
You kill the gnoll shaman!
The gnoll hits you from afar with a +2 halberd of freezing.
The gnoll freezes you.
The gnoll hits you from afar with a +2 halberd of freezing!
You feel threatened and lose the ability to read scrolls!
* * * LOW HITPOINT WARNING * * *
The gnoll freezes you.
* * * LOW HITPOINT WARNING * * *
You have reached level 6!
The gnoll hits you but does no damage.
Items here: )) [ ††.
The gnoll hits you but does no damage. The gnoll barely misses you.
You see here 20 stones.
The gnoll hits you with a +2 halberd of freezing.
You die...
Z

# S g ##.# g
g .... g g
#####..# g
#.g...†# ...
#g####....#
...g #@# .>#
..... #(# #
....8 #.#
.....######.#
..........#.#
#####.....#.#
#.......#
#.....###
#.....#


You could see 2 gnolls.

Vanquished Creatures
  A hound (D:4)
  A gnoll shaman (D:4)
  An iguana (D:3)
  6 gnolls
  10 adders
  A dart slug (D:2)
  3 orcs (D:3)
  A bat (D:3)
  3 endoplasms
  3 giant cockroaches
  5 goblins
  3 hobgoblins
  2 jackals (D:4)
  A quokka (D:2)
  9 ball pythons
  6 frilled lizards
  5 kobolds
  5 rats
66 creatures vanquished.

Notes
Turn   | Place    | Note
-------+----------+-------------------------------------------
     0 | D:1      | GigaChad the Minotaur Chaos Knight began the quest for the
                  | Orb.
     0 | D:1      | Reached XP level 1. HP: 19/19 MP: 0/0
   212 | D:1      | You fall into a shaft and drop 1 floor!
   226 | D:2      | Reached XP level 2. HP: 27/27 MP: 1/1
   258 | D:2      | Reached XP level 3. HP: 34/34 MP: 2/2
   303 | D:2      | XOM: divination: detect creatures
   342 | D:2      | Identified a scroll of acquirement
   342 | D:2      | Acquired a +2 demon blade of freezing
   375 | D:2      | XOM: confuse monster(s)
   428 | D:2      | XOM: silly message
   482 | D:2      | Reached XP level 4. HP: 41/41 MP: 3/3
   862 | D:2      | XOM: 9-stop teleportation journey
   914 | D:2      | Reached skill level 5 in Fighting
  1038 | D:2      | XOM: give mutations
  1038 | D:2      | Gained mutation: You sometimes lose the ability to read
                  | scrolls when taking damage. [Xom's mischief]
  1038 | D:2      | Gained mutation: You are frail. (-10% HP) [Xom's mischief]
  1106 | D:2      | Reached skill level 5 in Long Blades
  1164 | D:2      | XOM: summons 3 hostile demons
  1290 | D:2      | XOM: summons 3 hostile demons
  1545 | D:2      | XOM: torment (17/37 hp)
  1776 | D:3      | Reached XP level 5. HP: 9/43 MP: 4/4
  1780 | D:3      | HP: 2/43 [gnoll/+0 spear (7)]
  2334 | D:3      | Found a radiant altar of Vehumet.
  2648 | D:3      | XOM: smoke on damage
  2860 | D:4      | XOM: chaos upgrade
  2886 | D:4      | XOM: enchant monster (good)
  2887 | D:4      | XOM: divination: detect creatures
  2889 | D:4      | XOM: cast spell 'Olgreb's Toxic Radiance'
  2903 | D:4      | HP: 2/43 [gnoll/+2 halberd of freezing (5)]
  2904 | D:4      | Reached XP level 6. HP: 3/51 MP: 5/5
  2907 | D:4      | Slain by a gnoll

Illustrated notes

Levels and vault maps discovered:
D:1:      psy_arrival_radial01, layout_basic, ebering_ecumenical_altar_hall
D:2:      layout_rooms, minmay_snake_closets
D:3:      layout_basic, lemuel_tele_altar
D:4:      kennysheep_the_goblin_king, layout_loops_ring, grunt_qazlal_sundering,
          gammafunk_ghost_mausoleum

Skill      XL: |  1  2  3  4  5 |
---------------+----------------+-----
Fighting       | 4 5 |  5.7
Long Blades    | 4 5 |  5.5
Armour         | 3 4 |  4.4
Dodging        | |  1.8
Stealth        | |  0.1

Action                   |  1- 3 |  4- 6 || total
-------------------------+-------+-------++-------
Melee: Falchion          |    37 |       ||    37
       Headbutt          |     5 |    15 ||    20
       Demon blade       |     6 |   105 ||   111
  Use: Scroll            |     3 |     3 ||     6
 Stab: Paralysed         |     1 |       ||     1
Armor: Leather armour    |    12 |       ||    12
       Scale mail        |     3 |    83 ||    86
       Chain mail        |       |    14 ||    14
Dodge: Dodged            |    29 |   113 ||   142
